TOP OF THE 1ST |
Harrisburg Senators batting - Pitching for Biloxi Shuckers : RHP Alberto Pickett
|
Pitching: RHP Alberto Pickett
|
|
Batting: SHB Dan Castaneda
|
0-0: Called Strike 0-1: Called Strike 0-2: SOLO HOME RUN (Line Drive, 9LD, EV 95.6 MPH), Distance : 354 ft
|
Batting: RHB Pat Drader
|
0-0: Called Strike 0-1: Ball 1-1: Ball 2-1: Swinging Strike 2-2: Foul Ball, location: 2F 2-2: Fly out, F9 (Flyball, 89S, EV 86.9 MPH)
|
Batting: LHB John Luke
|
0-0: Ball 1-0: Fly out, F8 (Flyball, 8LM, EV 90.0 MPH)
|
Batting: RHB Antonio Laurel
|
0-0: Swinging Strike 0-1: Fly out, F2 (Popup, 2RF, EV 87.5 MPH)
|
Top of the 1st over - 1 run, 1 hit, 0 errors, 0 left on base; Harrisburg 1 - Biloxi 0 |
BOTTOM OF THE 1ST |
Biloxi Shuckers batting - Pitching for Harrisburg Senators : RHP Tatsuhito Shiota
|
Pitching: RHP Tatsuhito Shiota
|
|
Batting: RHB Cameron Rattenbury
|
0-0: Swinging Strike 0-1: DOUBLE (Line Drive, 5D, EV 95.6 MPH)
|
Batting: RHB Herb McIntyre
|
0-0: Called Strike 0-1: Foul Ball, location: 2F 0-2: Ball 1-2: Foul Ball, location: 2F 1-2: Ground out 5-3 (Groundball, 5, EV 110.6 MPH)
|
Batting: RHB Ben Taylor
|
0-0: Foul Ball, location: 2F 0-1: Foul Ball, location: 2F 0-2: Foul Ball, location: 2F 0-2: Ball 1-2: Strikes out swinging
|
Batting: RHB Josh Nelson
|
0-0: Ball 1-0: Swinging Strike 1-1: Ball 2-1: Foul Ball, location: 2F 2-2: Foul Ball, location: 2F 2-2: Ground out 4-3 (Groundball, 4, EV 88.8 MPH)
|
Bottom of the 1st over - 0 runs, 1 hit, 0 errors, 1 left on base; Harrisburg 1 - Biloxi 0 |
TOP OF THE 2ND |
Harrisburg Senators batting - Pitching for Biloxi Shuckers : RHP Alberto Pickett
|
Batting: LHB Evan Oliveri
|
0-0: Called Strike 0-1: Called Strike 0-2: Ball 1-2: Strikes out swinging passed ball, reaches first!
|
Batting: RHB Gabe Almazan
|
0-0: Ball 1-0: Foul Ball, location: 2F 1-1: Called Strike 1-2: Ball 2-2: Fielders Choice at 2nd, 5-4 (Groundball, 5, EV 104.4 MPH)
|
Batting: RHB Paul Shell
|
0-0: Called Strike 0-1: Fielders Choice at 2nd, 5-4 (Groundball, 56, EV 90.0 MPH)
|
Batting: LHB Nate Melendez
|
0-0: Called Strike Paul Shell is caught stealing 2nd base 2-6
|
Top of the 2nd over - 0 runs, 0 hits, 0 errors, 0 left on base; Harrisburg 1 - Biloxi 0 |
BOTTOM OF THE 2ND |
Biloxi Shuckers batting - Pitching for Harrisburg Senators : RHP Tatsuhito Shiota
|
Batting: RHB Steve Byerly
|
0-0: Ball 1-0: SINGLE (Flyball, 56D, EV 85.6 MPH)
|
Batting: RHB Brian Landrum
|
0-0: Called Strike 0-1: Fielders Choice at 2nd, 4-6 (Groundball, 13, EV 86.9 MPH)
|
Batting: LHB Paul Collins
|
0-0: Ball 1-0: Ball 2-0: Reached on error, E5 (Groundball, 5D, EV 101.2 MPH) Brian Landrum to third
|
Batting: RHB Juan Villanueva
|
0-0: Swinging Strike 0-1: Called Strike 0-2: DOUBLE (Flyball, 78D, EV 95.0 MPH) Brian Landrum scores Paul Collins scores
|
Batting: SHB Robert Sayer
|
0-0: Ball 1-0: Called Strike 1-1: Ball 2-1: Foul Ball, location: 2F 2-2: Ground out 4-3 (Groundball, 4, EV 86.2 MPH) Juan Villanueva to third
|
Batting: RHB Cameron Rattenbury
|
0-0: Ball 1-0: Ball 2-0: Called Strike 2-1: Swinging Strike 2-2: Foul Ball, location: 2F 2-2: Foul Ball, location: 2F 2-2: Foul Ball, location: 2F 2-2: Strikes out swinging
|
Bottom of the 2nd over - 2 runs, 2 hits, 1 error, 1 left on base; Harrisburg 1 - Biloxi 2 |
TOP OF THE 3RD |
Harrisburg Senators batting - Pitching for Biloxi Shuckers : RHP Alberto Pickett
|
Batting: LHB Nate Melendez
|
0-0: Fly out, F9 (Line Drive, 89D, EV 98.1 MPH)
|
Batting: RHB Naofumi Ishida
|
0-0: Ball 1-0: Called Strike 1-1: Ball 2-1: Ground out 4-3 (Groundball, 4S, EV 69.4 MPH)
|
Batting: SHB Dan Castaneda
|
0-0: Ground out 6-3 (Groundball, 4M, EV 98.8 MPH)
|
Top of the 3rd over - 0 runs, 0 hits, 0 errors, 0 left on base; Harrisburg 1 - Biloxi 2 |
BOTTOM OF THE 3RD |
Biloxi Shuckers batting - Pitching for Harrisburg Senators : RHP Tatsuhito Shiota
|
Batting: RHB Herb McIntyre
|
0-0: Ball 1-0: Ball 2-0: SINGLE (Line Drive, 4MD, EV 96.2 MPH)
|
Batting: RHB Ben Taylor
|
0-0: Called Strike 0-1: Ball 1-1: Ball 2-1: Foul Ball, location: 2F 2-2: Ball 3-2: Base on Balls Herb McIntyre to second
|
Batting: RHB Josh Nelson
|
0-0: Foul Ball, location: 2F 0-1: Foul Ball, location: 2F 0-2: Ball 1-2: Grounds into double play, 6-4-3 (Groundball, 6, EV 86.9 MPH) Herb McIntyre to third
|
Batting: RHB Steve Byerly
|
0-0: Ball 1-0: 2-RUN HOME RUN (Flyball, 7D, EV 98.1 MPH), Distance : 384 ft
|
Batting: RHB Brian Landrum
|
0-0: Ball 1-0: Called Strike 1-1: Foul Ball, location: 2F 1-2: Ball 2-2: SINGLE (Groundball, 56D, EV 103.8 MPH)
|
Batting: LHB Paul Collins
|
0-0: Ball 1-0: Ball 2-0: Called Strike 2-1: Ball 3-1: Base on Balls Brian Landrum to second
|
Batting: RHB Juan Villanueva
|
0-0: Called Strike 0-1: Ball Wild Pitch! Brian Landrum to third Paul Collins to second 1-1: Ball 2-1: Swinging Strike 2-2: Foul Ball, location: 2F 2-2: Ball 3-2: Foul Ball, location: 2F 3-2: Strikes out swinging
|
Bottom of the 3rd over - 2 runs, 3 hits, 0 errors, 2 left on base; Harrisburg 1 - Biloxi 4 |
TOP OF THE 4TH |
Harrisburg Senators batting - Pitching for Biloxi Shuckers : RHP Alberto Pickett
|
Batting: RHB Pat Drader
|
0-0: Foul Ball, location: 2F 0-1: Fly out, F5 (Line Drive, 5L, EV 66.9 MPH)
|
Batting: LHB John Luke
|
0-0: DOUBLE (Line Drive, 9LS, EV 102.5 MPH)
|
Batting: RHB Antonio Laurel
|
0-0: Ball 1-0: Called Strike 1-1: Ground out 5-3 (Groundball, 56, EV 84.4 MPH)
|
Batting: LHB Evan Oliveri
|
0-0: Ball 1-0: Swinging Strike 1-1: Swinging Strike 1-2: Strikes out swinging
|
Top of the 4th over - 0 runs, 1 hit, 0 errors, 1 left on base; Harrisburg 1 - Biloxi 4 |
BOTTOM OF THE 4TH |
Biloxi Shuckers batting - Pitching for Harrisburg Senators : RHP Tatsuhito Shiota
|
Batting: SHB Robert Sayer
|
0-0: Ball 1-0: Ball 2-0: Ball 3-0: Base on Balls
|
Batting: RHB Cameron Rattenbury
|
0-0: Fielders Choice at 2nd, 5-4 (Groundball, 56, EV 79.4 MPH)
|
Batting: RHB Herb McIntyre
|
0-0: Called Strike 0-1: Ball 1-1: Fielders Choice at 2nd, 6-4 (Groundball, 6, EV 92.5 MPH)
|
Batting: RHB Ben Taylor
|
0-0: Called Strike 0-1: Foul Ball, location: 2F 0-2: DOUBLE (Line Drive, 7LM, EV 105.0 MPH) Herb McIntyre to third Runner from 3rd tries for Home, SAFE, throw by LF to home
|
Pitching: RHP Chris Close
|
|
Batting: RHB Josh Nelson
|
0-0: Ball 1-0: Foul Ball, location: 2F 1-1: SINGLE (Line Drive, 9S, EV 104.4 MPH) Ben Taylor to third Runner from 3rd tries for Home, SAFE, throw by RF to home
|
Batting: RHB Steve Byerly
|
0-0: Ball 1-0: Fielders Choice at 2nd, 6-4 (Groundball, 6, EV 108.1 MPH)
|
Bottom of the 4th over - 2 runs, 2 hits, 0 errors, 1 left on base; Harrisburg 1 - Biloxi 6 |
TOP OF THE 5TH |
Harrisburg Senators batting - Pitching for Biloxi Shuckers : RHP Alberto Pickett
|
Batting: RHB Gabe Almazan
|
0-0: Foul Ball, location: 2F 0-1: Ball 1-1: DOUBLE (Line Drive, 89XD, EV 102.5 MPH)
|
Batting: RHB Paul Shell
|
0-0: Ball 1-0: Ball 2-0: Fly out, F9 (Flyball, 9, EV 80.6 MPH)
|
Batting: LHB Nate Melendez
|
0-0: Ball 1-0: Foul Ball, location: 2F 1-1: Fly out, F7 (Line Drive, 7D, EV 90.0 MPH)
|
Batting: RHB Naofumi Ishida
|
0-0: Foul Ball, location: 2F 0-1: Foul Ball, location: 2F 0-2: Foul Ball, location: 2F 0-2: Fly out, F9 (Flyball, 89D, EV 92.5 MPH)
|
Top of the 5th over - 0 runs, 1 hit, 0 errors, 1 left on base; Harrisburg 1 - Biloxi 6 |
BOTTOM OF THE 5TH |
Biloxi Shuckers batting - Pitching for Harrisburg Senators : RHP Chris Close
|
Batting: RHB Brian Landrum
|
0-0: Called Strike 0-1: Swinging Strike 0-2: Strikes out swinging
|
Batting: LHB Paul Collins
|
0-0: Ball 1-0: Fly out, F8 (Line Drive, 8RM, EV 96.2 MPH)
|
Batting: RHB Juan Villanueva
|
0-0: Foul Ball, location: 2F 0-1: Ball 1-1: Ball 2-1: Foul Ball, location: 2F 2-2: Strikes out swinging
|
Bottom of the 5th over - 0 runs, 0 hits, 0 errors, 0 left on base; Harrisburg 1 - Biloxi 6 |
TOP OF THE 6TH |
Harrisburg Senators batting - Pitching for Biloxi Shuckers : RHP Alberto Pickett
|
Batting: SHB Dan Castaneda
|
0-0: Ball 1-0: Ball 2-0: Called Strike 2-1: Ball 3-1: Fly out, F9 (Flyball, 9, EV 83.8 MPH)
|
Batting: RHB Pat Drader
|
0-0: Called Strike 0-1: Swinging Strike 0-2: Foul Ball, location: 2F 0-2: Strikes out looking
|
Batting: LHB John Luke
|
0-0: Ball 1-0: Ground out 6-3 (Groundball, 6, EV 83.8 MPH)
|
Top of the 6th over - 0 runs, 0 hits, 0 errors, 0 left on base; Harrisburg 1 - Biloxi 6 |
BOTTOM OF THE 6TH |
Biloxi Shuckers batting - Pitching for Harrisburg Senators : RHP Chris Close
|
Batting: SHB Robert Sayer
|
0-0: Swinging Strike 0-1: Ball 1-1: Ball 2-1: Ball 3-1: Swinging Strike 3-2: Foul Ball, location: 2F 3-2: Foul Ball, location: 2F 3-2: Strikes out swinging
|
Batting: RHB Cameron Rattenbury
|
0-0: Fly out, F7 (Flyball, 7LM, EV 88.8 MPH)
|
Batting: RHB Herb McIntyre
|
0-0: Called Strike 0-1: SINGLE (Groundball, 6MD, EV 106.9 MPH)
|
Batting: RHB Ben Taylor
|
0-0: Ball 1-0: Ball 2-0: Ball 3-0: Base on Balls Herb McIntyre to second
|
Batting: RHB Josh Nelson
|
0-0: Foul Ball, location: 2F 0-1: Ball 1-1: Ball 2-1: Ball 3-1: Base on Balls Herb McIntyre to third Ben Taylor to second
|
Batting: RHB Steve Byerly
|
0-0: Called Strike 0-1: Ball 1-1: Ball 2-1: SINGLE (Groundball, 56S, EV 75.0 MPH) (infield hit) Herb McIntyre scores Ben Taylor to third Josh Nelson to second
|
Batting: RHB Brian Landrum
|
0-0: Called Strike 0-1: SINGLE (Groundball, P, EV 81.9 MPH) (infield hit) Ben Taylor scores Josh Nelson to third Steve Byerly to second
|
Batting: LHB Paul Collins
|
0-0: Ground out 4-3 (Groundball, 4MD, EV 101.9 MPH)
|
Bottom of the 6th over - 2 runs, 3 hits, 0 errors, 3 left on base; Harrisburg 1 - Biloxi 8 |
TOP OF THE 7TH |
Harrisburg Senators batting - Pitching for Biloxi Shuckers : RHP Alberto Pickett
|
Batting: RHB Antonio Laurel
|
0-0: Ball 1-0: Called Strike 1-1: Fly out, F2 (Popup, 23F, EV 88.8 MPH)
|
Batting: LHB Evan Oliveri
|
0-0: Ball 1-0: Foul Ball, location: 2F 1-1: Ball 2-1: Fly out, F8 (Flyball, 8RXD, EV 93.8 MPH)
|
Batting: RHB Gabe Almazan
|
0-0: Called Strike 0-1: Ball 1-1: Ball 2-1: Ground out 6-3 (Groundball, 6, EV 80.6 MPH)
|
Top of the 7th over - 0 runs, 0 hits, 0 errors, 0 left on base; Harrisburg 1 - Biloxi 8 |
BOTTOM OF THE 7TH |
Biloxi Shuckers batting - Pitching for Harrisburg Senators : RHP Chris Close
|
Batting: RHB Juan Villanueva
|
0-0: Foul Ball, location: 2F 0-1: Ball 1-1: SOLO HOME RUN (Flyball, 7D, EV 98.1 MPH), Distance : 379 ft
|
Batting: SHB Robert Sayer
|
0-0: Ball 1-0: DOUBLE (Line Drive, 8RD, EV 108.8 MPH)
|
Pitching: RHP Zach Wahlin
|
|
Batting: RHB Cameron Rattenbury
|
0-0: Called Strike 0-1: Ball 1-1: Foul Ball, location: 2F 1-2: Foul Ball, location: 2F 1-2: Ball 2-2: Ground out 5-3 (Groundball, 56, EV 90.6 MPH)
|
Batting: RHB Herb McIntyre
|
0-0: Ball 1-0: Foul Ball, location: 2F 1-1: Ground out 5-3 (Groundball, 56S, EV 85.6 MPH)
|
Batting: RHB Ben Taylor
|
0-0: Ball 1-0: Foul Ball, location: 2F 1-1: Foul Ball, location: 2F 1-2: Strikes out swinging
|
Bottom of the 7th over - 1 run, 2 hits, 0 errors, 1 left on base; Harrisburg 1 - Biloxi 9 |
TOP OF THE 8TH |
Harrisburg Senators batting - Pitching for Biloxi Shuckers : RHP Alberto Pickett
|
Batting: RHB Paul Shell
|
0-0: Called Strike 0-1: Swinging Strike 0-2: Ball 1-2: Foul Ball, location: 2F 1-2: Ground out 5-3 (Groundball, 56, EV 83.8 MPH)
|
Batting: LHB Nate Melendez
|
0-0: Called Strike 0-1: Called Strike 0-2: Strikes out swinging
|
Batting: RHB Naofumi Ishida
|
0-0: Swinging Strike 0-1: Called Strike 0-2: Ground out 4-3 (Groundball, 4, EV 105.0 MPH)
|
Top of the 8th over - 0 runs, 0 hits, 0 errors, 0 left on base; Harrisburg 1 - Biloxi 9 |
BOTTOM OF THE 8TH |
Biloxi Shuckers batting - Pitching for Harrisburg Senators : RHP Zach Wahlin
|
Batting: RHB Josh Nelson
|
0-0: Called Strike 0-1: DOUBLE (Flyball, 8RXD, EV 111.9 MPH)
|
Batting: RHB Steve Byerly
|
0-0: Called Strike 0-1: Ball 1-1: Ground out U3 (Groundball, 13, EV 88.1 MPH) Josh Nelson to third
|
Batting: RHB Brian Landrum
|
0-0: Called Strike 0-1: Ball 1-1: Swinging Strike 1-2: Strikes out swinging
|
Batting: LHB Paul Collins
|
0-0: Ball 1-0: Called Strike 1-1: Ball 2-1: SINGLE (Flyball, 8LM, EV 90.6 MPH) Josh Nelson scores
|
Batting: RHB Juan Villanueva
|
0-0: Called Strike 0-1: Ball 1-1: Ground out 4-3 (Groundball, 4, EV 88.1 MPH)
|
Bottom of the 8th over - 1 run, 2 hits, 0 errors, 1 left on base; Harrisburg 1 - Biloxi 10 |
TOP OF THE 9TH |
Harrisburg Senators batting - Pitching for Biloxi Shuckers : RHP Alberto Pickett
|
Batting: SHB Dan Castaneda
|
0-0: Ball 1-0: Ball 2-0: Ground out U3 (Groundball, 3, EV 85.0 MPH)
|
Batting: RHB Pat Drader
|
0-0: Ball 1-0: Called Strike 1-1: Foul Ball, location: 2F 1-2: Foul Ball, location: 2F 1-2: Ground out 1-3 (Groundball, 13S, EV 75.0 MPH)
|
Batting: LHB John Luke
|
0-0: Called Strike 0-1: Ball 1-1: Fly out, F7 (Line Drive, 7S, EV 90.6 MPH)
|
Top of the 9th over - 0 runs, 0 hits, 0 errors, 0 left on base; Harrisburg 1 - Biloxi 10 |
|